 Dungeon Crawl Stone Soup version 0.30.0 (webtiles) character file.

Game seed: 16622164849396251888

1720 steinwolfe the Cleaver (level 9, 0/82 HPs)
             Began as a Hill Orc Fighter on Jan 8, 2024.
             Was an Initiate of Ashenzari.
             Succumbed to a gnoll's poison
             ... on level 6 of the Dungeon.
             The game lasted 02:05:03 (4748 turns).

steinwolfe the Cleaver (Hill Orc Fighter)           Turns: 4748, Time: 02:05:04

Health: 0/82       AC: 15    Str: 21    XL:     9   Next: 4%
Magic:  9/9        EV:  6    Int: 14    God:    Ashenzari [......]
Gold:   268        SH:  6    Dex: 18    Spells: 7/8 levels left

rFire   . . .        y - +7 broad axe "Qewahi Full" {holy, Dex+6}
rCold   . . .        c - +0 buckler
rNeg    . . .        s - +0 plate armour
rPois   .            (no helmet)
rElec   .            h - +0 cloak
rCorr   .            n - +0 pair of gloves
SInv    +            (no boots)
Will    .....        K - amulet of magic regeneration Stlth
                     t - ring of see invisible
HPRegen 0.33/turn    v - +6 ring of intelligence
MPRegen 0.51/turn

%: no passive effects
@: mighty, lethally poisoned (0 -> -26), attractive
A: robust 1, wild magic 1
a: Renounce Religion, Curse Item


You were on level 6 of the Dungeon.
You worshipped Ashenzari.
Ashenzari was noncommittal.
You visited 2 branches of the dungeon, and saw 7 of its levels.

You collected 268 gold pieces.

Inventory:

Hand Weapons
 a - a +1 war axe of protection
 e - a +2 whip of electrocution
 g - a +0 hand axe
 k - a +1 rapier of draining
 p - a +1 dagger of holy wrath
 y - the +7 broad axe "Qewahi Full" (weapon) {holy, Dex+6}
   (You acquired it on level 3 of the Dungeon)

   Dex:       It affects your dexterity (+6).
 A - a +0 sling
 B - a +2 dagger of chaos
Missiles
 j - 29 stones
 C - 3 poisoned darts (quivered)
 D - 2 silver boomerangs
Armour
 c - a +0 buckler (worn)
 h - a +0 cloak (worn)
 n - a +0 pair of gloves (worn)
 s - a +0 plate armour (worn)
Jewellery
 t - a ring of see invisible (left hand)
 v - a +6 ring of intelligence (right hand)
 K - an amulet of magic regeneration (around neck)
Wands
 H - a wand of polymorph (1)
Scrolls
 b - a scroll of blinking
 l - a scroll of acquirement
 o - a scroll of noise
 z - 2 scrolls of amnesia
 I - a scroll of teleportation
Potions
 i - a potion of haste


   Skills:
 + Level 6.1 Fighting
 + Level 10.4 Axes
 + Level 0.5 Ranged Weapons
 + Level 0.8 Throwing
 + Level 6.4 Armour
 + Level 1.0 Dodging
 + Level 0.4 Stealth
 + Level 5.1 Shields
 + Level 0.3 Spellcasting
 + Level 1.3 Conjurations


You had 7 spell levels left.
You knew the following spells:

 Your Spells              Type           Power      Damage    Failure   Level
a - Magic Dart            Conj           20%        1d4       99%         1

Your spell library contained the following spells:

 Spells                   Type           Power      Damage    Failure   Level
 Call Imp                 Summ           0%         N/A       100%        2
 Lesser Beckoning         Tloc           0%         N/A       100%        2
 Gell's Gravitas          Tloc           0%         N/A       100%        3
 Mephitic Cloud           Conj/Pois/Air  1%         N/A       100%        3
 Stone Arrow              Conj/Erth      4%         3d7       100%        3
 Teleport Other           Tloc           0%         N/A       100%        3
 Animate Armour           Summ/Erth      0%         N/A       100%        4
 Lehudib's Crystal Spear  Conj/Erth      1%         10d2      100%        8


Dungeon Overview and Level Annotations

Branches:
Dungeon (6/15)             Temple (1/1) D:4

Altars:
Ashenzari
Elyvilon
Fedhas
Gozag
Hepliaklqana
Makhleb
Nemelex Xobeh
Okawaru
Ru
Uskayaw
Vehumet
Wu Jian
Xom
Yredelemnul
Zin
The Shining One

Shops:
D:4 [


Innate Abilities, Weirdness & Mutations

You are robust. (+10% HP)
Your spells are a little harder to cast, but a little more powerful.


Message History

You closely miss the gnoll.
You feel extremely sick. The gnoll hits you but does no damage.
The water moccasin bites you but does no damage.
You closely miss the water moccasin.
The water moccasin is moderately wounded.
You barely miss the gnoll.
You feel very sick.
The water moccasin bites you but does no damage.
The gnoll barely misses you. The water moccasin bites you.
You are more poisoned.
The water moccasin poisons you! The gnoll hits you but does no damage.
You are lethally poisoned!
It was a potion of attraction.
You feel attractive to monsters.
You feel extremely sick. You block the water moccasin's attack.
The gnoll hits you but does no damage.
You are more poisoned.
The gnoll attacks as you move away! The gnoll barely misses you.
* * * LOW HITPOINT WARNING * * *
You feel extremely sick.
As you read the scroll labelled SAZOYCWYICA, it crumbles to dust.
The scroll dissolves into smoke.
It was a scroll of fog.
* * * LOW HITPOINT WARNING * * *
You feel extremely sick. The water moccasin bites you.
* * * LOW HITPOINT WARNING * * *
You block the water moccasin's attack. The gnoll hits you but does no damage.
You are more poisoned.
Unknown command.
As you read the scroll of fear, it crumbles to dust.
You assume a fearsome visage.
The water moccasin looks frightened!
The gnoll looks frightened!
* * * LOW HITPOINT WARNING * * *
You feel extremely sick.
The water moccasin is attracted toward you.
The gnoll is attracted toward you.
Unknown command.
You feel very mighty all of a sudden.
You die...

..# ... .. #..# #[.#..#
....# ##..#..#.. .#....#
.......#.. .......
..........
#.#.#.#..........
.......##§§#..#..
#....§§g§§.....
#....§S@§§.....
...#...##§§#..... ....
........#§§§..............
........##.##.##..##......
#...###.##.##.##..##..##.#
...........##.##..##..##.#
###.###........<......##.#
#.#####.##.###..##.##
#.#####.##...........


You could see a water moccasin (fleeing) and a gnoll (fleeing).

Vanquished Creatures
  Pikel (D:5)
  Sigmund (D:5)
  Eustachio (D:5)
  Menkaure (D:5)
  A water moccasin (D:5)
  An ogre (D:5)
  A lemure (D:5)
  A scorpion (D:5)
  4 crimson imps (D:3)
  4 hounds
  A jelly (D:4)
  4 iguanas
  An orc wizard (D:5)
  A gnoll (D:6)
  3 adders
  A white imp (D:5)
  3 dart slugs
  5 orcs
  12 endoplasms
  5 giant cockroaches
  6 goblins
  7 hobgoblins
  5 jackals
  4 quokkas
  5 ball pythons
  9 bats
  4 frilled lizards
  6 kobolds
  5 rats
103 creatures vanquished.

Notes
Turn   | Place    | Note
-------+----------+-------------------------------------------
     0 | D:1      | steinwolfe the Hill Orc Fighter began the quest for the
                  | Orb.
     0 | D:1      | Reached XP level 1. HP: 19/19 MP: 1/1
   338 | D:1      | You fall into a shaft and drop 1 floor!
   348 | D:2      | Reached XP level 2. HP: 27/27 MP: 2/2
   515 | D:1      | Reached skill level 3 in Axes
   555 | D:1      | Reached XP level 3. HP: 31/33 MP: 3/3
   683 | D:1      | Learned a level 1 spell: Magic Dart
  1407 | D:3      | Reached XP level 4. HP: 40/40 MP: 2/4
  1412 | D:3      | Reached skill level 4 in Axes
  1542 | D:3      | Identified 2 scrolls of acquirement
  1542 | D:3      | Acquired the +7 broad axe "Qewahi Full" {holy, Dex+6}
  1900 | D:3      | Reached skill level 1 in Conjurations
  1900 | D:3      | Reached XP level 5. HP: 47/47 MP: 5/5
  1910 | D:3      | Found a shimmering altar of Xom.
  1918 | D:3      | Became a worshipper of Xom of Enforced Whimsey
  2086 | D:3      | XOM: divination: magic mapping
  2107 | D:3      | XOM: divination: magic mapping
  2118 | D:3      | Reached XP level 6. HP: 45/53 MP: 6/6
  2277 | D:4      | XOM: cloud trail
  2325 | D:4      | Found a sparkling altar of Nemelex Xobeh.
  2353 | D:4      | Reached skill level 5 in Axes
  2522 | D:4      | Found Jezaz's Armour Shop.
  2619 | D:4      | XOM: give mutations
  2619 | D:4      | Gained mutation: You possess an exceptional clarity of
                  | mind. [Xom's mischief]
  2619 | D:4      | Gained mutation: Your system is resistant to poisons.
                  | (rPois) [Xom's mischief]
  2619 | D:4      | Gained mutation: Your mind is acute. (Int +4, Str/Dex -1)
                  | [Xom's mischief]
  2951 | D:4      | Found a staircase to the Ecumenical Temple.
  2961 | Temple   | Entered the Ecumenical Temple
  2975 | Temple   | XOM is BORED!
  2975 | Temple   | XOM: summons 4 hostile demons
  3006 | Temple   | Fell from the grace of Xom
  3006 | Temple   | Became a worshipper of Ashenzari the Shackled
  3327 | D:5      | Entered Level 5 of the Dungeon
  3327 | D:5      | Noticed Menkaure
  3332 | D:5      | Killed Menkaure
  3333 | D:5      | Reached skill level 6 in Axes
  3333 | D:5      | Reached XP level 7. HP: 55/60 MP: 7/7
  3424 | D:5      | Reached skill level 5 in Armour
  3520 | D:5      | Reached skill level 5 in Fighting
  3520 | D:5      | Reached skill level 7 in Axes
  3886 | D:5      | Noticed Sigmund
  3892 | D:5      | Killed Sigmund
  3893 | D:5      | Reached skill level 8 in Axes
  3893 | D:5      | Reached XP level 8. HP: 66/68 MP: 8/8
  3950 | D:5      | Noticed Eustachio
  3951 | D:5      | XOM: stat loss: -3 Int (15/18)
  3977 | D:5      | Killed Eustachio
  3978 | D:5      | Reached skill level 9 in Axes
  4035 | D:5      | Reached skill level 5 in Shields
  4133 | D:5      | Noticed Pikel
  4149 | D:5      | Lost mutation: You possess an exceptional clarity of mind.
                  | [potion of mutation]
  4149 | D:5      | Lost mutation: Your system is resistant to poisons. (rPois)
                  | [potion of mutation]
  4149 | D:5      | Lost mutation: Your mind is acute. (Int +4, Str/Dex -1)
                  | [potion of mutation]
  4149 | D:5      | Gained mutation: You occasionally lose the ability to read
                  | scrolls when taking damage. [potion of mutation]
  4149 | D:5      | Gained mutation: You have a somewhat thin skeletal
                  | structure. (Dex +2, Stealth+) [potion of mutation]
  4149 | D:5      | Gained mutation: You have supernaturally acute eyesight.
                  | (SInv) [potion of mutation]
  4157 | D:5      | Lost mutation: You have a somewhat thin skeletal structure.
                  | (Dex +2, Stealth+) [potion of mutation]
  4157 | D:5      | Lost mutation: You occasionally lose the ability to read
                  | scrolls when taking damage. [potion of mutation]
  4157 | D:5      | Lost mutation: You have supernaturally acute eyesight.
                  | (SInv) [potion of mutation]
  4157 | D:5      | Gained mutation: You are robust. (+10% HP) [potion of
                  | mutation]
  4157 | D:5      | Gained mutation: Your spells are a little harder to cast,
                  | but a little more powerful. [potion of mutation]
  4172 | D:5      | Killed Pikel
  4173 | D:5      | Reached skill level 10 in Axes
  4173 | D:5      | Reached skill level 1 in Dodging
  4173 | D:5      | Reached XP level 9. HP: 43/82 MP: 9/9
  4382 | D:5      | XOM: summons 4 hostile shadow creatures
  4748 | D:6      | Succumbed to a gnoll's poison

Illustrated notes

Levels and vault maps discovered:
D:1:      lemuel_arrival_lava_pool, layout_basic
D:2:      layout_rooms
D:3:      minmay_diamond_boxcup, layout_basic, led_xom_imps
D:4:      layout_basic, nemelex_diamond_rough_becter, temple_doors_e,
          serial_shops, shop
D:5:      layout_gridville, uniq_pikel, uniq_sigmund, uniq_eustachio,
          uniq_menkaure
D:6:      layout_basic, lemuel_crystal_altar, trog_hazing_becter,
          hangedman_decor_opposing, uniq_edmund
Temple:   nicolae_temple_two_arcs

Skill      XL: |  1  2  3  4  5  6  7  8 |
---------------+-------------------------+-----
Fighting       | 4 5 6 |  6.1
Axes           | 3 4 6 8 10 | 10.4
Armour         | 4 5 6 |  6.4
Conjurations   | 1 |  1.3
Shields        | 4 5 |  5.1
Dodging        | 1 |  1.0
Ranged Weapons | |  0.5
Throwing       | |  0.8
Stealth        | |  0.4
Spellcasting   | |  0.3

Action                     |  1- 3 |  4- 6 |  7- 9 || total
---------------------------+-------+-------+-------++-------
  Melee: War axe           |   104 |    13 |       ||   117
         Dagger            |    20 |       |       ||    20
         Broad axe         |       |    72 |    92 ||   164
   Fire: Sling             |       |     3 |       ||     3
  Throw: Stone             |       |     3 |     8 ||    11
         Dart              |       |       |     2 ||     2
    Use: Scroll            |       |     5 |    13 ||    18
         Potion            |       |       |    11 ||    11
 Armour: Scale mail        |    46 |       |       ||    46
         Plate armour      |    28 |   102 |    64 ||   194
  Dodge: Dodged            |    65 |    29 |    22 ||   116
  Block: Buckler           |    30 |    27 |    23 ||    80
